 Dungeon Crawl Stone Soup version 0.30-a0-757-ga6a79fd877 (webtiles) character file.

Game seed: 9980970468529608458

11145 NinjaNoafa the Severer (level 11, -7/94 HPs)
             Began as a Minotaur Fighter on Feb 8, 2023.
             Was a Priest of the Shining One.
             Mangled by a komodo dragon (19 damage)
             ... on level 1 of the Lair of Beasts on Feb 9, 2023.
             The game lasted 00:36:06 (6741 turns).

NinjaNoafa the Severer (Minotaur Fighter)           Turns: 6741, Time: 00:36:06

Health: -7/94      AC: 12    Str: 27    XL:     11   Next: 45%
Magic:  12/12      EV:  8    Int:  5    God:    the Shining One [***...]
Gold:   344        SH:  5    Dex: 14    Spells: 10/10 levels left

rFire   . . .      SeeInvis .    a - +0 war axe (heavy)
rCold   . . .      Faith    .    c - +0 buckler
rNeg    + . .      Spirit   .    y - +0 chain mail
rPois   .          Reflect  .    g - +2 hat
rElec   .          Harm     .    (no cloak)
rCorr   .          Rampage  .    (no gloves)
Will    .....                    (no boots) Stlth
                                 (no amulet)
HPRegen 0.35/turn                d - +6 ring of strength
MPRegen 0.13/turn                s - +4 ring of slaying

@: glowing
A: horns 2, retaliatory headbutt
a: Renounce Religion, Divine Shield, Cleansing Flame


You were on level 1 of the Lair of Beasts.
You worshipped the Shining One.
The Shining One was most pleased with you.
You visited 3 branches of the dungeon, and saw 13 of its levels.

You collected 718 gold pieces.
You spent 374 gold pieces at shops.

Inventory:

Hand Weapons
 a - a +0 heavy war axe (weapon)
Missiles
 m - 3 curare-tipped darts
 t - 4 boomerangs (quivered)
 w - 4 throwing nets
 C - 16 poisoned darts
 I - 9 atropa-tipped darts
 O - a boomerang of dispersal
Armour
 c - a +0 buckler (worn)
 g - a +2 hat (worn)
 y - a +0 chain mail (worn)
Jewellery
 d - a +6 ring of strength (left hand)
 f - a ring of see invisible
 s - a +4 ring of slaying (right hand)
 L - the ring of Liberty {Fire Will+ rCorr Str-5 SInv}
   (You bought it in a shop on level 8 of the Dungeon)

   [ring of fire]

   It enhances your fire magic.
   Str:       It affects your strength (-5).
   rF:        It protects you from fire.
   rC:        It makes you vulnerable to cold.
   SInv:      It lets you see invisible.
   rCorr:     It protects you from acid and corrosion.
   Will:      It increases your willpower.
 M - a ring of flight
Wands
 q - a wand of paralysis (10)
 x - a wand of flame (27)
 B - a wand of digging (5)
 H - a wand of polymorph (10)
 P - a wand of light (7)
 Q - a wand of roots (6)
Scrolls
 h - a scroll of silence
 j - a scroll of acquirement {unknown}
 o - 5 scrolls of magic mapping
 r - 2 scrolls of immolation
 u - a scroll of poison {unknown}
 z - 4 scrolls of teleportation {unknown}
 A - 4 scrolls of fog {unknown}
 J - a scroll of summoning {unknown}
 K - a scroll of enchant armour {unknown}
 N - a scroll of fear {unknown}
 R - 2 scrolls of identify
Potions
 b - 4 potions of lignification
 e - 4 potions of curing
 i - a potion of brilliance {unknown}
 k - 2 potions of ambrosia
 l - 2 potions of magic {unknown}
 n - a potion of flight {unknown}
 p - 2 potions of mutation
 v - 2 potions of haste
 D - a potion of resistance {unknown}
 E - a potion of invisibility {unknown}
 F - 2 potions of heal wounds
 G - a potion of might
 S - a potion of attraction {unknown}


   Skills:
 - Level 8.0 Fighting
 - Level 16.0 Axes
 + Level 5.8 Throwing
 - Level 8.0 Armour
 - Level 4.0 Shields
 - Level 3.0 Invocations
 + Level 5.2 Evocations


You had 10 spell levels left.
You didn't know any spells.
Your spell library contained the following spells:

 Spells                   Type           Power      Damage    Failure   Level
 Magic Dart               Conj           0%         1d3       98%         1
 Sting                    Tmut/Pois      0%         1d3       98%         1
 Blink                    Tloc           0%         N/A       99%         2
 Call Imp                 Summ           0%         N/A       99%         2
 Lesser Beckoning         Tloc           0%         N/A       99%         2
 Momentum Strike          Conj/Tloc      0%         3d8       99%         2
 Poisonous Vapours        Pois/Air       0%         N/A       99%         2
 Sublimation of Blood     Necr           0%         N/A       99%         2
 Frozen Ramparts          Ice            0%         1d1       100%        3
 Ignite Poison            Fire/Tmut/Pois 0%         N/A       100%        3
 Inner Flame              Hex/Fire       0%         N/A       100%        3
 Kindle Blastsparks       Fire/Tloc/Air  0%         2d10      100%        3
 Mephitic Cloud           Conj/Pois/Air  0%         N/A       100%        3
 Portal Projectile        Hex/Tloc       0%         N/A       100%        3
 Flame Wave               Conj/Fire      0%         2d4       100%        4
 Ice Form                 Ice/Tmut       0%         N/A       100%        4
 Manifold Assault         Tloc           0%         N/A       100%        4
 Olgreb's Toxic Radiance  Pois           0%         N/A       100%        4
 Passage of Golubria      Tloc           0%         N/A       100%        4
 Petrify                  Tmut/Erth      0%         N/A       100%        4
 Sticky Flame             Conj/Fire      0%         2d3       100%        4
 Summon Ice Beast         Ice/Summ       0%         N/A       100%        4
 Freezing Cloud           Conj/Ice/Air   0%         6-21      100%        5
 Irradiate                Conj/Tmut      0%         3d11      100%        5
 Lee's Rapid Deconstruct  Erth           0%         3d4*      100%        5
 Dragon Form              Tmut           0%         N/A       100%        7
 Storm Form               Tmut/Air       0%         N/A       100%        7


Dungeon Overview and Level Annotations

Branches:
Dungeon (11/15)            Temple (1/1) D:5            Lair (1/5) D:11
    Orc (0/2) D:9

Altars:
Ashenzari
Cheibriados
Dithmenos
Elyvilon
Fedhas
Gozag
Hepliaklqana
Kikubaaqudgha
Makhleb
Nemelex Xobeh
Okawaru
Qazlal
Ru
Sif Muna
Trog
Uskayaw
Vehumet
Wu Jian
Xom
Yredelemnul
Zin
The Shining One

Shops:
D:5 *   D:8 *   D:9 (


Innate Abilities, Weirdness & Mutations

You have a pair of horns on your head.
You reflexively headbutt those who attack you in melee.


Message History

You hold your ground!
The elephant trunk-slaps you but does no damage.
Your Evocations skill increases to level 5!
You hit the elephant but do no damage.
The elephant is heavily wounded.
The elephant tramples you but does no damage.
The elephant trunk-slaps you but does no damage.
You slice the elephant!!
The elephant is severely wounded.
The elephant tramples you!
* * * LOW HITPOINT WARNING * * *
You hold your ground!
You block the elephant's attack.
You slice the elephant!!
You kill the elephant!
You start resting.
A komodo dragon comes into view.
Throw: 5 boomerangs
Press: ? - help, Q - select action, (/) - cycle Shift-Dir - straight line, f - komodo dragon
Aim: a komodo dragon (wandering, hasn't noticed you, haloed, 89% to hit)
You throw a boomerang. The komodo dragon hisses angrily.
The boomerang hits the komodo dragon!
The komodo dragon is moderately wounded.
Throw: 4 boomerangs
Press: ? - help, Q - select action, (/) - cycle Shift-Dir - straight line, f/p - komodo dragon
Aim: a komodo dragon (lightly wounded, haloed, 89% to hit)
You throw a boomerang. The boomerang hits the komodo dragon.
The komodo dragon is moderately wounded.
You slice the komodo dragon!!
The komodo dragon is almost dead.
You block the komodo dragon's attack.
You barely miss the komodo dragon. You headbutt the komodo dragon.
The komodo dragon is almost dead.
The komodo dragon bites you!
* * * LOW HITPOINT WARNING * * *
You hit the komodo dragon but do no damage.
The komodo dragon is almost dead.
The komodo dragon hisses menacingly.
The komodo dragon bites you!!
You die...

##+.....#### #....†...
........##.######....†...
.........†...............
.......†.†...............
........†....^...........
###P###.#.......##P#####.
# ###.......#### ##
#.........# #@..####.##
##l.# #.# #..# #.# #..#
#.# ...# #.. ...# #.. ..#
..#


You could see a komodo dragon.

Vanquished Creatures
  Pikel (D:5)
  5 elephants (Lair:1)
  Psyche (D:8)
  A komodo dragon (D:11)
  A troll (D:11)
  Grinder (D:4)
  5 dream sheep (D:9)
  2 shadows (D:9)
  A wyvern (D:10)
  12 yaks
  4 vampire mosquitoes
  2 steam dragons
  2 acid dragons
  Duvessa (D:5)
  3 water moccasins
  4 orc warriors
  A sky beast (D:7)
  5 wolves (Lair:1)
  2 ogres (D:6)
  4 centaurs
  2 phantoms
  4 lemures (D:5)
  2 bullfrogs
  A necrophage (D:6)
  A gnoll sergeant (D:7)
  6 scorpions
  3 wights (D:9)
  Dowan (D:5)
  7 howler monkeys
  4 hounds
  2 jellies
  6 orc priests
  2 gnoll boudas (D:6)
  4 iguanas
  6 orc wizards
  19 gnolls
  7 adders
  A shadow imp (D:8)
  A worm (D:3)
  9 dart slugs
  26 orcs
  3 endoplasms
  3 giant cockroaches
  8 goblins
  8 hobgoblins
  7 jackals
  2 quokkas
  8 ball pythons
  3 bats
  2 frilled lizards (D:3)
  7 kobolds
  6 rats
229 creatures vanquished.

Vanquished Creatures (others)
  10 fungi (D:11)
  9 plants (D:11)
19 creatures vanquished.

Grand Total: 248 creatures vanquished

Notes
Turn   | Place    | Note
-------+----------+-------------------------------------------
     0 | D:1      | NinjaNoafa the Minotaur Fighter began the quest for the
                  | Orb.
     0 | D:1      | Reached XP level 1. HP: 19/19 MP: 0/0
   135 | D:1      | Reached skill level 3 in Axes
   147 | D:1      | Reached XP level 2. HP: 25/26 MP: 1/1
   182 | D:1      | Reached skill level 4 in Axes
   347 | D:1      | Reached XP level 3. HP: 31/31 MP: 2/2
   392 | D:1      | Upgraded the game from 0.30-a0-748-ge6a52f7cba to
                  | 0.30-a0-757-ga6a79fd877
   758 | D:2      | Identified the +0 robe "Wijao" {Slay+2}
   956 | D:2      | Found a bloodstained altar of Trog.
  1066 | D:2      | Reached XP level 4. HP: 40/40 MP: 3/3
  1193 | D:3      | Reached skill level 5 in Axes
  1232 | D:3      | Reached skill level 6 in Axes
  1232 | D:3      | Reached XP level 5. HP: 46/46 MP: 4/4
  1772 | D:4      | Noticed a phantom
  1780 | D:4      | Reached skill level 7 in Axes
  1785 | D:4      | Killed a phantom
  1786 | D:4      | Reached XP level 6. HP: 48/52 MP: 5/5
  1831 | D:4      | Noticed Grinder
  1844 | D:4      | Killed Grinder
  1845 | D:4      | Reached skill level 8 in Axes
  1845 | D:4      | Reached XP level 7. HP: 50/59 MP: 6/6
  1922 | D:4      | Reached skill level 9 in Axes
  1948 | D:4      | Found an ancient bone altar of Kikubaaqudgha.
  1948 | D:4      | Found a hazy altar of Hepliaklqana.
  1949 | D:4      | Found a basalt altar of Yredelemnul.
  2102 | D:4      | Got Ucwuxk Gaigg's Atlas of Meteoric Evolution
  2114 | D:5      | Entered Level 5 of the Dungeon
  2292 | D:5      | Found Voc Osoi's General Store.
  2295 | D:5      | Bought a potion of degeneration for 11 gold pieces
  2431 | D:5      | Noticed Pikel
  2509 | D:5      | Noticed Duvessa
  2513 | D:5      | Killed Duvessa
  2514 | D:5      | Reached skill level 10 in Axes
  2514 | D:5      | Noticed Dowan
  2529 | D:5      | Killed Pikel
  2530 | D:5      | Reached XP level 8. HP: 12/73 MP: 7/7
  2532 | D:5      | Killed Dowan
  2812 | D:5      | Found a staircase to the Ecumenical Temple.
  2822 | Temple   | Entered the Ecumenical Temple
  2936 | Temple   | Became a worshipper of Elyvilon the Healer
  2986 | D:5      | Found a glowing golden altar of the Shining One.
  3000 | D:5      | Fell from the grace of Elyvilon
  3000 | D:5      | Became a worshipper of the Shining One
  3141 | D:6      | Reached skill level 11 in Axes
  3229 | D:6      | Reached skill level 12 in Axes
  3364 | D:6      | Reached XP level 9. HP: 70/79 MP: 8/8
  3762 | D:7      | Reached skill level 13 in Axes
  4273 | D:8      | Noticed Psyche
  4273 | D:8      | Reached * piety under the Shining One
  4581 | D:8      | Found Heseb's Assorted Antiques.
  4595 | D:8      | Reached skill level 14 in Axes
  4634 | D:8      | Bought a scroll labelled GOTUEC LAETAU for 22 gold pieces
  4634 | D:8      | Bought a scroll labelled IQUGGU JIENAJUST for 22 gold
                  | pieces
  4634 | D:8      | Bought a smoking lapis lazuli ring for 110 gold pieces
  4634 | D:8      | Identified the ring of Liberty {Fire Will+ rCorr Str-5
                  | SInv} (You bought it in a shop on level 8 of the Dungeon)
  4636 | D:8      | Bought a steel ring for 110 gold pieces
  4712 | D:8      | Killed Psyche
  4912 | D:9      | Reached skill level 15 in Axes
  4950 | D:9      | Found a staircase to the Orcish Mines.
  4952 | D:9      | Found Babbenno's Weapon Shop.
  4987 | D:9      | Bought a +0 heavy war axe for 99 gold pieces
  5033 | D:9      | Reached ** piety under the Shining One
  5040 | D:9      | Reached XP level 10. HP: 82/86 MP: 9/9
  5043 | D:9      | Reached skill level 16 in Axes
  5297 | D:9      | Reached skill level 5 in Armour
  5327 | D:9      | Found the +5 robe of Night {Dark Will+ SInv}
  5451 | D:10     | Entered Level 10 of the Dungeon
  5462 | D:10     | Reached skill level 1 in Invocations
  5496 | D:10     | Reached skill level 1 in Throwing
  5496 | D:10     | Reached skill level 1 in Evocations
  5909 | D:10     | HP: 2/88 [acid dragon/splash of acid (22)]
  5934 | D:10     | The Shining One protects you from harm!
  6255 | D:10     | Got Eshraxug's Guidebook on Earthen Direction
  6298 | D:11     | Reached XP level 11. HP: 91/94 MP: 12/12
  6663 | D:11     | Found a staircase to the Lair.
  6663 | D:11     | Reached *** piety under the Shining One
  6672 | Lair:1   | Entered Level 1 of the Lair of Beasts
  6722 | Lair:1   | Reached skill level 5 in Throwing
  6727 | Lair:1   | Reached skill level 5 in Evocations
  6741 | Lair:1   | Mangled by a komodo dragon

Illustrated notes

Levels and vault maps discovered:
D:1:      dpeg_arrival_tiny_c, layout_basic
D:2:      layout_loops_cross, basic_altar
D:3:      layout_loops_cross, chequers_serial_rivers_small_b,
          minmay_fractal_squares_diagonal_5
D:4:      layout_cave_pools, gammafunk_temple_overflow_claw, minmay_quantized,
          uniq_grinder
D:5:      nicolae_cairo_tiling_large, layout_loops_corners,
          mainiacjoe_overflow_24_doors, minmay_temple_entry_crystal_x,
          serial_shops, nicolae_shop_behind_doors, uniq_duvessa, uniq_pikel
D:6:      layout_basic, minmay_bent
D:7:      layout_loops_ring
D:8:      layout_basic, serial_shops, shop, uniq_psyche
D:9:      layout_basic, orc_david_3, hellmonk_guarded_unrand_night
D:10:     cheibrodos_barr_body, layout_small_grid
D:11:     layout_roguey, grunt_lair_entry_orc_guard_hut
Temple:   nicolae_temple_two_arcs
Lair:1:   layout_chaotic_city, uniq_erica

Skill      XL: |  1  2  3  4  5  6  7  8  9 10 11 |
---------------+----------------------------------+-----
Axes           | 3 4 6 7 8 10 12 15 16 | 16.0
Fighting       | 4 7 8 |  8.0
Armour         | 4 8 |  8.0
Shields        | 4 |  4.0
Invocations    | 3 |  3.0
Throwing       | 3 5 |  5.8
Evocations     | 2 5 |  5.2

Action                     |  1- 3 |  4- 6 |  7- 9 | 10-12 || total
---------------------------+-------+-------+-------+-------++-------
  Melee: War axe           |    67 |    63 |   165 |   113 ||   408
         Headbutt          |     8 |     9 |    29 |    25 ||    71
  Throw: Boomerang         |       |     3 |    13 |    16 ||    32
 Invoke: Divine Shield     |       |       |       |     1 ||     1
  Evoke: Wand              |       |     2 |     2 |       ||     4
    Use: Potion            |       |     1 |     2 |     2 ||     5
         Scroll            |       |       |    13 |       ||    13
   Stab: Paralysed         |       |     1 |       |       ||     1
 Armour: Scale mail        |    31 |    38 |     3 |       ||    72
         Chain mail        |       |       |    85 |    57 ||   142
  Dodge: Dodged            |    38 |    30 |    60 |    30 ||   158
  Block: Buckler           |    18 |    18 |    41 |    36 ||   113

Table legend: (Time is in decaauts)
 A = Elapsed time spent in this place.
 B = Non-inter-level travel time spent in this place.
 C = Inter-level travel time spent in this place.
 D = Time resting spent in this place.
 E = Time spent auto-exploring this place.
 F = Levels seen in this place.
 G = Mean time per level.
                   A        B        C        D        E       F      G
               +--------+--------+--------+--------+--------+-----+--------+
         Total |   6773 |   5625 |   1148 |    567 |    376 |  13 |  521.0 |
       Dungeon |   6579 |   5441 |   1138 |    567 |    328 |  11 |  598.1 |
        Temple |    124 |    114 |     10 |      0 |     48 |   1 |  124.0 |
          Lair |     69 |     69 |      0 |      0 |      0 |   1 |   69.0 |
               +--------+--------+--------+--------+--------+-----+--------+

Top non-repeatable levels by time:
    D:10: 892 daAuts
     D:5: 890 daAuts
     D:7: 646 daAuts
     D:1: 616 daAuts
     D:8: 573 daAuts
     D:9: 570 daAuts
     D:2: 569 daAuts
     D:3: 525 daAuts
     D:6: 524 daAuts
     D:4: 440 daAuts
    D:11: 330 daAuts
  Temple: 124 daAuts
  Lair:1: 69 daAuts
